 Dungeon Crawl Stone Soup version 0.30-a0-782-ge64f9170bb (webtiles) character file.

Game seed: 323484377604691365

101 epen the Grasshopper (level 4, -3/38 HPs)
             Began as a Gnoll Warper on Feb 27, 2023.
             Slain by an orc priest
             ... wielding a +0 flail
              (9 damage)
             ... on level 3 of the Dungeon.
             The game lasted 00:01:34 (2418 turns).

epen the Grasshopper (Gnoll Warper)                 Turns: 2418, Time: 00:01:35

Health: -3/38      AC:  6    Str: 11    XL:     4   Next: 75%
Magic:  11/11      EV: 12    Int: 12    God:
Gold:   65         SH:  0    Dex: 13    Spells: 13/13 levels left

rFire   . . .      SeeInvis .    a - +0 falchion
rCold   . . .      Faith    .    (no shield)
rNeg    . . .      Spirit   .    m - +0 ring mail
rPois   .          Reflect  .    (no helmet)
rElec   .          Harm     .    (no cloak)
rCorr   .          Rampage  .    i - +0 pair of gloves
Will    .....                    (no boots)
Stlth   +                        (no amulet)
HPRegen 0.26/turn                (no ring)
MPRegen 0.12/turn                (no ring)

@: hasted, very quick
A: fangs 1, strong nose, distributed training
a: no special abilities


You were on level 3 of the Dungeon.
You visited 1 branch of the dungeon, and saw 3 of its levels.

You collected 65 gold pieces.

Inventory:

Hand Weapons
 a - a +0 falchion (weapon)
Missiles
 d - 7 boomerangs of dispersal (quivered)
 n - 6 boomerangs
Armour
 b - a +0 leather armour
 i - a +0 pair of gloves (worn)
 m - a +0 ring mail (worn)
Jewellery
 f - a ring of ice
 g - a +5 ring of evasion
Scrolls
 c - 2 scrolls of blinking
 j - 2 scrolls of magic mapping
 l - a scroll of teleportation {unknown}
Potions
 h - a potion of curing {unknown}
 k - 2 potions of brilliance {unknown}
 o - a potion of degeneration {unknown}


   Skills:
 + Level 4.7 Fighting
 + Level 1.2 Short Blades
 + Level 4.7 Long Blades
 + Level 1.2 Axes
 + Level 1.2 Maces & Flails
 + Level 1.2 Polearms
 + Level 1.2 Staves
 + Level 1.2 Ranged Weapons
 + Level 2.8 Throwing
 + Level 2.8 Armour
 + Level 4.7 Dodging
 + Level 1.2 Stealth
 + Level 1.2 Shields
 + Level 1.2 Unarmed Combat
 + Level 5.1 Spellcasting
 + Level 1.0 Conjurations
 + Level 1.0 Hexes
 + Level 1.0 Summonings
 + Level 1.0 Necromancy
 + Level 5.5 Translocations
 + Level 1.0 Transmutations
 + Level 1.0 Fire Magic
 + Level 1.0 Ice Magic
 + Level 1.0 Air Magic
 + Level 1.0 Earth Magic
 + Level 1.0 Poison Magic
 + Level 1.4 Invocations
 + Level 1.2 Evocations


You had 13 spell levels left.
You didn't know any spells.
Your spell library contained the following spells:

 Spells                   Type           Power      Damage    Failure   Level
 Blink                    Tloc           32%        N/A       7%          2
 Lesser Beckoning         Tloc           32%        N/A       7%          2
 Teleport Other           Tloc           16%        N/A       14%         3
 Vhi's Electric Charge    Tloc/Air       20%        N/A       34%         3
 Manifold Assault         Tloc           16%        N/A       43%         4


Dungeon Overview and Level Annotations

Branches:
Dungeon (3/15)

Altars:
Hepliaklqana
Ru

Shops:
D:1 (


Innate Abilities, Weirdness & Mutations

You have very sharp teeth.
Your uncanny sense of smell can sniff out nearby items.
Your experience applies equally to all skills.


Message History

The orc priest hits you with a +0 flail.
The ball python completely misses you. The ball python constricts you.
You slash the ball python!
You kill the ball python!
The orc priest hits you but does no damage.
The orc priest begins to cast a cantrip, but forgets the words!
You barely miss the orc priest.
The orc priest calls down the wrath of Beogh upon you.
Pain shoots through your body!
You hit the orc priest.
The orc priest is lightly wounded.
The orc priest barely misses you.
You hit the orc priest.
The orc priest is moderately wounded.
The orc priest invokes the aid of Beogh against you.
Beogh smites you!
You are too injured to fight recklessly!
You are too injured to fight recklessly!
You are too injured to fight recklessly!
You are too injured to fight recklessly!
You are too injured to fight recklessly!
You are too injured to fight recklessly!
You are too injured to fight recklessly!
You are too injured to fight recklessly!
You are too injured to fight recklessly!
You are too injured to fight recklessly!
You are too injured to fight recklessly!
You are too injured to fight recklessly!
You are too injured to fight recklessly!
You are too injured to fight recklessly!
You are too injured to fight recklessly!
You are too injured to fight recklessly!
You barely miss the orc priest.
The orc priest is moderately wounded.
The orc priest hits you with a +0 flail!
* * * LOW HITPOINT WARNING * * *
The orc priest closely misses you.
It was a potion of haste.
You feel yourself speed up.
The orc priest hits you with a +0 flail!
You die...

.#.#..#####.# ****#######.#
..##..# *,* *,,∆.........
......# *,* *,**#######.#
####..# *,* *,* #.# #..# #,* *,*
#.# #..# #.* *,* #.#
#..#####.##* *,* #.#
*,,,.......#######.# #.#
*,*****#....†@oo...# #.#
***,#****####.######## ##.#
*,,,....#####.###############...
*,****#........#...).......)....
*,* #.#####.........#######...
*,****#.........#._.#.# ##.#
**,*,,,#.######........# #.#
,,,*,,,*,* #.###.#### #.#
**,,,,,>,* #.# #.# #.#


You could see 2 orc priests.

Vanquished Creatures
  An orc priest (D:3)
  2 adders (D:2)
  6 orcs (D:3)
  3 endoplasms
  3 goblins (D:2)
  8 hobgoblins
  5 kobolds
  4 quokkas
  6 ball pythons
  4 bats
  2 rats
44 creatures vanquished.

Notes
Turn   | Place    | Note
-------+----------+-------------------------------------------
     0 | D:1      | epen the Gnoll Warper began the quest for the Orb.
     0 | D:1      | Reached XP level 1. HP: 20/20 MP: 6/6
    46 | D:1      | Found Geghoall's Antique Weapon Shoppe.
   104 | D:1      | Reached XP level 2. HP: 25/26 MP: 7/7
   434 | D:1      | Found a faded altar of an unknown god.
  1196 | D:2      | Reached skill level 5 in Spellcasting
  1196 | D:2      | Reached XP level 3. HP: 27/31 MP: 7/9
  1259 | D:2      | Reached skill level 1 in Invocations
  1372 | D:2      | Reached skill level 1 in Short Blades
  1372 | D:2      | Reached skill level 1 in Axes
  1372 | D:2      | Reached skill level 1 in Maces & Flails
  1372 | D:2      | Reached skill level 1 in Polearms
  1372 | D:2      | Reached skill level 1 in Staves
  1372 | D:2      | Reached skill level 1 in Ranged Weapons
  1372 | D:2      | Reached skill level 1 in Stealth
  1372 | D:2      | Reached skill level 1 in Shields
  1372 | D:2      | Reached skill level 1 in Unarmed Combat
  1372 | D:2      | Reached skill level 1 in Evocations
  2059 | D:3      | Reached XP level 4. HP: 38/38 MP: 11/11
  2180 | D:3      | Reached skill level 1 in Conjurations
  2180 | D:3      | Reached skill level 1 in Hexes
  2180 | D:3      | Reached skill level 1 in Summonings
  2180 | D:3      | Reached skill level 1 in Necromancy
  2180 | D:3      | Reached skill level 1 in Transmutations
  2180 | D:3      | Reached skill level 1 in Fire Magic
  2180 | D:3      | Reached skill level 1 in Ice Magic
  2180 | D:3      | Reached skill level 1 in Air Magic
  2180 | D:3      | Reached skill level 1 in Earth Magic
  2180 | D:3      | Reached skill level 1 in Poison Magic
  2298 | D:3      | Found a hazy altar of Hepliaklqana.
  2332 | D:3      | Found a sacrificial altar of Ru.
  2418 | D:3      | Slain by an orc priest

Illustrated notes

Levels and vault maps discovered:
D:1:      dpeg_arrival_more_subterranean_lakeside_camping, layout_basic,
          serial_shops, shop, hellmonk_ecumenical_altar_heavens_door,
          minmay_misc_feat_four_crosses
D:2:      layout_basic, minivault_11
D:3:      layout_loops_ring, nicolae_hepliaklqana_hazy_memory,
          mainiacjoe_overflow_paths, mainiacjoe_overflow_tiny_flanked

Skill      XL: |  1  2  3  4 |
---------------+-------------+-----
Spellcasting   | 5 |  5.1
Invocations    | 1 |  1.4
Short Blades   | 1 |  1.2
Axes           | 1 |  1.2
Maces & Flails | 1 |  1.2
Polearms       | 1 |  1.2
Staves         | 1 |  1.2
Ranged Weapons | 1 |  1.2
Stealth        | 1 |  1.2
Shields        | 1 |  1.2
Unarmed Combat | 1 |  1.2
Evocations     | 1 |  1.2
Conjurations   | 1 |  1.0
Hexes          | 1 |  1.0
Summonings     | 1 |  1.0
Necromancy     | 1 |  1.0
Transmutations | 1 |  1.0
Fire Magic     | 1 |  1.0
Ice Magic      | 1 |  1.0
Air Magic      | 1 |  1.0
Earth Magic    | 1 |  1.0
Poison Magic   | 1 |  1.0
Fighting       | |  4.7
Long Blades    | |  4.7
Throwing       | |  2.8
Armour         | |  2.8
Dodging        | |  4.7
Translocations | |  5.5

Action                     |  1- 3 |  4- 6 || total
---------------------------+-------+-------++-------
  Melee: Falchion          |   103 |    41 ||   144
         Bite              |    13 |     3 ||    16
         Punch             |     3 |       ||     3
    Use: Scroll            |       |     1 ||     1
         Potion            |       |     1 ||     1
 Armour: Leather armour    |    22 |     4 ||    26
         Ring mail         |       |     5 ||     5
  Dodge: Dodged            |    72 |    16 ||    88

Table legend: (Time is in decaauts)
 A = Elapsed time spent in this place.
 B = Non-inter-level travel time spent in this place.
 C = Inter-level travel time spent in this place.
 D = Time resting spent in this place.
 E = Time spent auto-exploring this place.
 F = Levels seen in this place.
 G = Mean time per level.
                   A        B        C        D        E       F      G
               +--------+--------+--------+--------+--------+-----+--------+
         Total |   2429 |   2352 |     77 |    100 |   1937 |   3 |  809.7 |
       Dungeon |   2429 |   2352 |     77 |    100 |   1937 |   3 |  809.7 |
               +--------+--------+--------+--------+--------+-----+--------+

Top non-repeatable levels by time:
     D:2: 1125 daAuts
     D:1: 931 daAuts
     D:3: 371 daAuts
